[Event "Titled Tuesday Blitz June 8 2021"]
[White "Jobava, Baadur"]
[Black "Gusarov, Grigory"]
[WhiteFideId "13601520"]
[BlackFideId "24102172"]
[WhiteElo "2748"]
[BlackElo "2241"]
[Result "1-0"]
[Round "05"]
[TimeControl "180+1"]
[Date "2021.06.08"]
[WhiteClock "0:01:41"]
[BlackClock "0:00:38"]

1. e4 c6 2. c4 d5 3. cxd5 cxd5 4. exd5 Nf6 5. Qa4+ Nbd7 6. Nc3 g6 7. Nf3 Bg7 8. Bc4 O-O 9. d3 Nb6 10. Qb3 a6 11. O-O Bf5 12. Be3 Nfd7 13. h3 Rc8 14. Rfd1 Nc5 15. Qb4 Nbd7 16. a4 Qb6 17. Qxb6 Nxb6 18. a5 Nxc4 19. dxc4 Bc2 20. Bxc5 Rxc5 21. Rdc1 Bb3 22. Nd2 Bxc4 23. Nce4 Bxb2 24. Nxc5 Bxd5 25. Rab1 Bxc1 26. Rxc1 Rc8 27. f3 h5 28. Kf2 h4 29. Ke3 Rd8 30. Rb1 Bc6 31. Rb6 Rd5 32. Ndb3 Rg5 33. Kf2 Rd5 34. Nxb7 Bb5 35. N7c5 Rd4 36. Nxd4 1-0


[Site "https://www.chess.com"]

[Event "Titled Tuesday Blitz June 8 2021"]
[White "Kamsky, Gata"]
[Black "Samsonkin, Artiom"]
[WhiteFideId "2000024"]
[BlackFideId "13503111"]
[WhiteElo "2644"]
[BlackElo "2513"]
[Result "1-0"]
[Round "05"]
[TimeControl "180+1"]
[Date "2021.06.08"]
[WhiteClock "0:01:06"]
[BlackClock "0:00:03"]

1. d4 Nf6 2. Nf3 e6 3. Bf4 d5 4. e3 c5 5. Nbd2 Nc6 6. c3 cxd4 7. exd4 Nh5 8. Be3 Bd6 9. Ne5 g6 10. Nd3 f5 11. f4 O-O 12. Be2 Nf6 13. O-O b6 14. Ne5 Bb7 15. Nxc6 Bxc6 16. Nf3 Qe8 17. a4 Ng4 18. Bd2 b5 19. axb5 Bxb5 20. Re1 Bxe2 21. Qxe2 Nf6 22. Qxe6+ Qxe6 23. Rxe6 Ne4 24. Ng5 Rfd8 25. Nxe4 fxe4 26. Ra6 Bc7 27. Rac6 Bb6 28. g4 Rac8 29. Kg2 Kf7 30. Rf6+ Kg7 31. f5 Rxc6 32. Rxc6 Rf8 33. Bf4 Rf7 34. f6+ Kg8 35. g5 Rf8 36. Re6 Kf7 37. Re7+ Kg8 38. Rg7+ Kh8 39. Be5 1-0


[Site "https://www.chess.com"]

[Event "Titled Tuesday Blitz June 8 2021"]
[White "Karttunen, Mika"]
[Black "Klekowski, Maciej"]
[WhiteFideId "502081"]
[BlackFideId "1132717"]
[WhiteElo "2343"]
[BlackElo "2454"]
[Result "0-1"]
[Round "05"]
[TimeControl "180+1"]
[Date "2021.06.08"]
[WhiteClock "0:00:06"]
[BlackClock "0:01:17"]

1. d4 Nf6 2. c4 e6 3. g3 c5 4. d5 exd5 5. cxd5 d6 6. Nc3 g6 7. Nf3 Bg7 8. Bg2 O-O 9. O-O Re8 10. Nd2 a6 11. a4 Nbd7 12. Nc4 Ne5 13. Na3 Nh5 14. h3 f5 15. Kh2 f4 16. e4 Rf8 17. Rh1 fxg3+ 18. fxg3 Rf2 19. Kg1 Rf7 20. Kh2 c4 21. Be3 Nd3 22. Nxc4 Nxb2 23. Nxb2 Bxc3 24. Bd4 Qg5 25. g4 Bxb2 26. gxh5 Bxa1 27. Qxa1 Qf4+ 28. Kg1 Bd7 29. e5 Rc8 30. Bb2 Rc2 31. Rh2 Bxh3 32. e6 Qf2+ 33. Kh1 Bxg2+ 34. Rxg2 Qxg2# 0-1


[Site "https://www.chess.com"]

[Event "Titled Tuesday Blitz June 8 2021"]
[White "Kazakouski, Valery"]
[Black "Ozkan, Ervin"]
[WhiteFideId "13507443"]
[BlackFideId "6306004"]
[WhiteElo "2546"]
[BlackElo "2226"]
[Result "1-0"]
[Round "05"]
[TimeControl "180+1"]
[Date "2021.06.08"]
[WhiteClock "0:00:29"]
[BlackClock "0:00:11"]

1. d4 Nf6 2. Nf3 g6 3. c4 d5 4. cxd5 Nxd5 5. e4 Nb6 6. h3 Bg7 7. Nc3 O-O 8. Be3 Nc6 9. Be2 f5 10. exf5 Bxf5 11. O-O Qd7 12. d5 Nb4 13. Bxb6 axb6 14. a3 Na6 15. Nd4 Nc5 16. Nxf5 Qxf5 17. Bc4 Kh8 18. Qe2 Rad8 19. Rac1 Be5 20. b4 Nd7 21. Bd3 Qf4 22. g3 Qd4 23. Nb5 Qxd5 24. Bc4 Qc6 25. Ba2 Qf6 26. Nxc7 Bxc7 27. Rxc7 Ne5 28. f4 Nd3 29. Qxe7 Qxe7 30. Rxe7 Ra8 31. Bc4 Rxa3 32. Re3 Nxb4 33. Rxa3 1-0


[Site "https://www.chess.com"]

[Event "Titled Tuesday Blitz June 8 2021"]
[White "Khanin, Semen"]
[Black "Maiorov, Nikita"]
[WhiteFideId "4111990"]
[BlackFideId "13501720"]
[WhiteElo "2521"]
[BlackElo "2440"]
[Result "0-1"]
[Round "05"]
[TimeControl "180+1"]
[Date "2021.06.08"]
[WhiteClock "0:00:56"]
[BlackClock "0:02:11"]

1. c4 Nf6 2. Nc3 e5 3. g3 Bb4 4. Bg2 O-O 5. e4 Bxc3 6. bxc3 c6 7. Ne2 d5 8. exd5 cxd5 9. cxd5 Nxd5 10. O-O Nc6 11. Qb3 Nb6 12. Ba3 Re8 13. d4 Be6 14. Qc2 Bd5 15. dxe5 Bxg2 16. Kxg2 Qd5+ 17. f3 Nc4 18. Bc1 N6xe5 19. Rf2 Ng4 20. Nf4 Nge3+ 21. Bxe3 Nxe3+ 22. Kg1 Nxc2 23. Nxd5 Nxa1 24. Nc7 Re1+ 0-1


[Site "https://www.chess.com"]

[Event "Titled Tuesday Blitz June 8 2021"]
[White "Kobo, Ori"]
[Black "Shcherbinin, Kirill"]
[WhiteFideId "2812320"]
[BlackFideId "4180453"]
[WhiteElo "2431"]
[BlackElo "2204"]
[Result "1-0"]
[Round "05"]
[TimeControl "180+1"]
[Date "2021.06.08"]
[WhiteClock "0:00:24"]
[BlackClock "0:00:12"]

1. e4 c5 2. Nf3 e6 3. g3 Nc6 4. Bg2 a6 5. O-O Nf6 6. Qe2 Qc7 7. e5 Nd5 8. c4 Nde7 9. Nc3 Ng6 10. Re1 Nd4 11. Nxd4 cxd4 12. Nb1 Bc5 13. d3 Rb8 14. h4 Ne7 15. Nd2 b6 16. a3 a5 17. Rb1 Nc6 18. Ne4 Bb7 19. Bf4 h6 20. Qg4 Kf8 21. h5 a4 22. Qe2 Ne7 23. g4 Bc6 24. Bg3 Qb7 25. b4 axb3 26. Rxb3 Qc7 27. Reb1 Ra8 28. Qb2 Nc8 29. f4 Ba4 30. Nxc5 bxc5 31. Bxa8 Bxb3 32. Qxb3 Ke7 33. f5 f6 34. exf6+ 1-0


[Site "https://www.chess.com"]

[Event "Titled Tuesday Blitz June 8 2021"]
[White "Kovalev, Vladislav"]
[Black "Petriashvili, Nikoloz"]
[WhiteFideId "13504398"]
[BlackFideId "13611216"]
[WhiteElo "2573"]
[BlackElo "2430"]
[Result "0-1"]
[Round "05"]
[TimeControl "180+1"]
[Date "2021.06.08"]
[WhiteClock "0:02:57"]
[BlackClock "0:02:42"]

1. e4 c5 2. Be2 Nc6 3. d3 g6 4. f4 Bg7 5. Nf3 d6 6. O-O Bg4 7. c3 e6 8. Nbd2 Nge7 9. h3 Bxf3 10. Nxf3 O-O 11. Be3 b5 12. a3 a5 13. d4 cxd4 14. cxd4 d5 15. e5 a4 16. Bxb5 Qb6 17. Bxa4 Qxb2 18. Qc1 Qxc1 19. Rfxc1 Rxa4 0-1


[Site "https://www.chess.com"]

[Event "Titled Tuesday Blitz June 8 2021"]
[White "Kozak, Antoni"]
[Black "Shkapenko, Pavel"]
[WhiteFideId "21832030"]
[BlackFideId "4151933"]
[WhiteElo "2289"]
[BlackElo "2386"]
[Result "0-1"]
[Round "05"]
[TimeControl "180+1"]
[Date "2021.06.08"]
[WhiteClock "0:00:04"]
[BlackClock "0:01:56"]

1. d4 Nf6 2. c4 e6 3. Nf3 Bb4+ 4. Bd2 Qe7 5. g3 Nc6 6. Bg2 Bxd2+ 7. Qxd2 Ne4 8. Qc2 Qb4+ 9. Kf1 f5 10. e3 O-O 11. h4 Qe7 12. Nc3 Nxc3 13. Qxc3 d6 14. b4 Nd8 15. Rd1 Nf7 16. c5 e5 17. dxe5 dxe5 18. Ng5 e4 19. Nxf7 Qxf7 20. a3 Be6 21. Kg1 Bb3 22. Rd4 Rad8 23. Kh2 Rxd4 24. Qxd4 Qe7 25. Qc3 Be6 26. Rd1 Rd8 27. Rd4 Rd7 28. Qd2 Qd8 29. Rxd7 Qxd7 30. Qxd7 Bxd7 31. Kg1 Kf7 32. Kf1 Ke6 33. Ke1 Kd5 34. Bf1 b6 35. cxb6 cxb6 36. Kd2 h6 37. Kc3 g5 38. hxg5 hxg5 39. Bc4+ Ke5 40. Bg8 f4 41. gxf4+ gxf4 42. exf4+ Kxf4 43. Kd4 Bc6 44. Bd5 Bxd5 45. Kxd5 Kf3 46. b5 Kf4 47. Ke6 e3 48. fxe3+ Kxe3 49. Kd5 Kd3 50. a4 Kc3 51. a5 bxa5 52. Kc6 a4 53. Kb7 a3 54. Kxa7 a2 55. b6 a1=Q+ 0-1


[Site "https://www.chess.com"]

[Event "Titled Tuesday Blitz June 8 2021"]
[White "Kretov, Evgenij"]
[Black "Levine, Joseph"]
[WhiteFideId "4167821"]
[BlackFideId "30940346"]
[WhiteElo "2400"]
[BlackElo "1785"]
[Result "1-0"]
[Round "05"]
[TimeControl "180+1"]
[Date "2021.06.08"]
[WhiteClock "0:00:52"]
[BlackClock "0:00:20"]

1. d4 d5 2. c4 e6 3. Nc3 Nf6 4. cxd5 exd5 5. Bg5 c6 6. e3 Nbd7 7. Bd3 Bd6 8. Qc2 h6 9. Bh4 O-O 10. Nf3 Re8 11. O-O Nf8 12. Rab1 Bg4 13. b4 a6 14. a4 Bxf3 15. gxf3 Ne6 16. Bg3 Ng5 17. Kg2 g6 18. h4 Ngh7 19. Ne2 Nh5 20. Bxg6 fxg6 21. Qxg6+ Ng7 22. Qxd6 Qxd6 23. Bxd6 Nf5 24. Bg3 Nf6 25. Nf4 Kf7 26. Rfe1 Re7 27. Nd3 Nd7 28. h5 Nb6 29. Ne5+ Kf6 30. a5 Nc8 31. Bf4 Ncd6 32. Kh3 Rg8 33. Rg1 Reg7 34. Rxg7 Rxg7 35. Ng4+ Ke6 36. Nxh6 Nxh6 37. Bxh6 Rh7 38. Bf4 Rxh5+ 39. Kg4 Rh7 40. Bxd6 Kxd6 41. f4 Ke6 42. Kf3 Kf5 43. Rg1 Rh3+ 44. Rg3 Rh7 45. Rg5+ Kf6 46. Rg1 Kf5 47. Ke2 Kf6 48. Kd3 Kf5 49. Rg8 Kf6 50. Rg3 Kf5 51. f3 Re7 52. Rg5+ Kf6 53. e4 dxe4+ 54. fxe4 Rh7 55. Kc4 Rh4 56. Rf5+ Ke6 57. Kc5 Rh1 58. Kb6 Rb1 59. Kxb7 Rxb4+ 60. Kxc6 Rxd4 61. Re5+ Kf6 62. Kb6 Rd6+ 63. Kb7 Kf7 64. Rc5 Re6 65. Rc7+ Ke8 66. e5 Kd8 67. Rc6 Re7+ 68. Kxa6 Kd7 69. Kb6 Kd8 70. a6 1-0


[Site "https://www.chess.com"]

[Event "Titled Tuesday Blitz June 8 2021"]
[White "LEGENYA1998"]
[Black "Wagh Suyog"]
[BlackFideId "25071688"]
[WhiteElo "2338"]
[BlackElo "2219"]
[Result "0-1"]
[Round "05"]
[TimeControl "180+1"]
[Date "2021.06.08"]
[WhiteClock "0:00:19"]
[BlackClock "0:00:33"]

1. e4 c6 2. d4 d5 3. exd5 cxd5 4. c4 Nf6 5. Nc3 e6 6. Nf3 Nc6 7. c5 Ne4 8. Qc2 f5 9. Bb5 Bd7 10. Bxc6 Bxc6 11. b4 Be7 12. a4 O-O 13. O-O Bf6 14. Bf4 Rc8 15. Ne5 g5 16. Bd2 Bxe5 17. dxe5 d4 18. Nxe4 fxe4 19. Qb2 e3 20. fxe3 Qd5 21. e4 Qxe5 22. Rfe1 Rcd8 23. Ra3 h6 24. Rg3 Bxe4 25. Rge3 Qf5 26. R3e2 d3 27. Rxe4 Qf2+ 28. Kh1 Qf1+ 0-1


[Site "https://www.chess.com"]

[Event "Titled Tuesday Blitz June 8 2021"]
[White "Leiva, Gianmarco"]
[Black "Terry, Renato"]
[WhiteFideId "3804399"]
[BlackFideId "3803457"]
[WhiteElo "2365"]
[BlackElo "2581"]
[Result "0-1"]
[Round "05"]
[TimeControl "180+1"]
[Date "2021.06.08"]
[WhiteClock "0:00:01"]
[BlackClock "0:00:08"]

1. d4 d5 2. c4 dxc4 3. e3 Nf6 4. Bxc4 e6 5. Nf3 a6 6. O-O c5 7. Bb3 Nc6 8. Nc3 Be7 9. dxc5 Qxd1 10. Rxd1 Bxc5 11. Bd2 Bd7 12. Rac1 Ba7 13. Na4 Ne4 14. Be1 Rd8 15. a3 Ke7 16. Bc2 Nd6 17. b4 Nc4 18. Ra1 N6e5 19. Nxe5 Nxe5 20. Bc3 f6 21. Nc5 Bxc5 22. bxc5 Bc6 23. Rxd8 Kxd8 24. Rd1+ Ke7 25. Bxe5 fxe5 26. Rd6 Rc8 27. Bxh7 Bd5 28. h4 Rxc5 29. Rb6 Bc6 30. Rb4 Ra5 31. Rg4 Kf6 32. Bg8 Rxa3 33. h5 Be8 34. Rh4 a5 35. h6 gxh6 36. Rxh6+ Kg7 37. Rxe6 Bc6 38. Rxe5 Kxg8 39. Re7 a4 40. e4 Ra1+ 41. Kh2 a3 42. f4 a2 0-1


[Site "https://www.chess.com"]

[Event "Titled Tuesday Blitz June 8 2021"]
[White "Lianes Garcia, Marcos"]
[Black "Korobov, Anton"]
[WhiteFideId "32060777"]
[BlackFideId "14105730"]
[WhiteElo "2236"]
[BlackElo "2668"]
[Result "0-1"]
[Round "05"]
[TimeControl "180+1"]
[Date "2021.06.08"]
[WhiteClock "0:00:11"]
[BlackClock "0:00:28"]

1. e4 c5 2. g3 Nc6 3. Bg2 g6 4. Ne2 Bg7 5. c3 e5 6. O-O Nge7 7. d3 O-O 8. Be3 d6 9. d4 exd4 10. cxd4 Bg4 11. f3 Bd7 12. Nbc3 b6 13. Qd2 Rc8 14. Rfd1 Na5 15. b3 c4 16. b4 Nac6 17. a3 a5 18. b5 Na7 19. a4 d5 20. Nxd5 Nxd5 21. exd5 Bf5 22. Nc3 Rc7 23. Bg5 Bf6 24. Bxf6 Qxf6 25. Qf4 Qd8 26. g4 Bd3 27. Bf1 Bxf1 28. Kxf1 Nc8 29. Re1 Nd6 30. Re3 g5 31. Qg3 f5 32. Re6 Rd7 33. Rae1 fxg4 34. Qxg4 Rf4 35. Qg2 Rdf7 36. Kg1 Rxf3 37. Ne4 Nxe4 38. R6xe4 Qxd5 39. Qg4 R3f4 40. Qc8+ Rf8 41. Re8 Qxd4+ 42. Kh1 c3 43. Qe6+ Kh8 44. Rc1 c2 45. Qe2 Rxe8 46. Qxe8+ Kg7 47. Qe7+ Rf7 48. Qxg5+ Kh8 49. Rxc2 Qd1+ 50. Qg1 Qxc2 51. Qd4+ Kg8 52. Qd8+ Rf8 53. Qd5+ Kg7 54. Qe5+ Rf6 55. Qe7+ Rf7 56. Qe5+ Kg6 57. Qe6+ Rf6 58. Qe8+ Kf5 59. Qd7+ Re6 60. Qxh7+ Rg6 61. Qf7+ Ke5 62. Qe7+ Kd4 63. Qd7+ Kc3 0-1


[Site "https://www.chess.com"]

[Event "Titled Tuesday Blitz June 8 2021"]
[White "Madaminov, Mukhiddin"]
[Black "Ozen, Bahadir"]
[WhiteFideId "14210703"]
[BlackFideId "6337058"]
[WhiteElo "1747"]
[BlackElo "2503"]
[Result "1-0"]
[Round "05"]
[TimeControl "180+1"]
[Date "2021.06.08"]
[WhiteClock "0:00:03"]
[BlackClock "0:00:05"]

1. e4 c6 2. Nf3 d5 3. Nc3 dxe4 4. Nxe4 Nd7 5. d4 Ngf6 6. Ng3 e6 7. Bd3 Bd6 8. O-O O-O 9. b3 b6 10. Bb2 Bb7 11. Re1 c5 12. Ne4 Nxe4 13. Bxe4 Bxe4 14. Rxe4 Nf6 15. Re2 Rc8 16. c4 cxd4 17. Bxd4 Bc5 18. Rd2 Qe7 19. Bxc5 Rxc5 20. Qe2 Qc7 21. Rad1 h6 22. h3 Rc8 23. Rd6 Rc6 24. Rxc6 Qxc6 25. Ne5 Qc7 26. b4 Rd8 27. Rxd8+ Qxd8 28. g3 Qd6 29. a3 Qd4 30. Qe3 Qd1+ 31. Kg2 Nd7 32. Qd3 Qxd3 33. Nxd3 Kf8 34. f4 Ke7 35. Kf3 Kd6 36. Ke4 a5 37. Kd4 axb4 38. axb4 f6 39. g4 g6 40. h4 e5+ 41. fxe5+ fxe5+ 42. Ke3 Nf6 43. Nf2 Ke6 44. Kf3 h5 45. g5 Nd7 46. Ke4 Nb8 47. Nd3 Nc6 48. b5 Na5 49. Nxe5 Kd6 50. Nxg6 Nxc4 51. Nf4 Na3 52. Nxh5 Nxb5 53. Kf5 Nd4+ 54. Kf6 b5 55. g6 Ne6 56. Ng3 b4 57. Nf5+ Kd7 58. Nd4 Nxd4 59. g7 b3 60. g8=Q Kd6 61. Qd8+ Kc5 62. Qc7+ Nc6 63. Qb7 Nb4 64. Qf3 Kc4 65. Qe4+ Kc3 66. Qe1+ Kc4 67. Qc1+ Kb5 68. Qa3 Kc4 69. h5 Nd5+ 70. Ke5 Ne3 71. h6 Nc2 72. Qb2 Nb4 73. Qd4+ Kb5 74. Qc3 Ka4 75. Qa1+ Kb5 76. h7 Kc4 77. Qd4+ Kb5 78. Qc3 Na2 79. Qxb3+ 1-0


[Site "https://www.chess.com"]

[Event "Titled Tuesday Blitz June 8 2021"]
[White "Makhnev, Denis"]
[Black "Goltsev, Dmitry"]
[WhiteFideId "13707647"]
[BlackFideId "24176710"]
[WhiteElo "2549"]
[BlackElo "2366"]
[Result "1-0"]
[Round "05"]
[TimeControl "180+1"]
[Date "2021.06.08"]
[WhiteClock "0:00:28"]
[BlackClock "0:00:06"]

1. Nf3 d5 2. g3 c6 3. Bg2 Bg4 4. O-O Nd7 5. d4 Ngf6 6. Nbd2 e6 7. Re1 Bd6 8. e4 dxe4 9. Nxe4 Nxe4 10. Rxe4 Nf6 11. Re1 h5 12. h3 Bf5 13. c3 Qc7 14. Bg5 O-O-O 15. Qe2 Rdg8 16. Nh4 Bh7 17. Rad1 Nd7 18. b4 f6 19. Bc1 g5 20. Nf3 Bf5 21. Nd2 Bc2 22. Qxe6 Bxd1 23. Rxd1 Re8 24. Qf5 Kb8 25. Ne4 h4 26. g4 Rhf8 27. a3 Nb6 28. Kf1 Bf4 29. Bxf4 Qxf4 30. Qxf4+ gxf4 31. Nc5 Re7 32. Nd3 Nc4 33. Nxf4 Rfe8 34. Bf3 Nxa3 35. Ng6 Rd7 36. Nxh4 Rh8 37. Nf5 Rxh3 38. Kg2 Rh8 39. Re1 Nb5 40. Re3 Nd6 41. Ng3 Kc7 42. Be2 b6 43. c4 a5 44. c5 Nb7 45. cxb6+ Kxb6 46. bxa5+ Nxa5 47. Nf5 Nb7 48. Re6 Rf8 49. Bf3 Nd8 50. Re3 Kc7 51. Rc3 Re8 52. d5 Re5 53. dxc6 Rd2 54. Ra3 Nxc6 55. Rc3 Re6 56. Ng7 Red6 57. Ne8+ Kd7 58. Nxd6 Rxd6 59. Rxc6 Rxc6 60. Bxc6+ Kxc6 61. Kf3 Kd6 62. Kf4 Ke6 63. Ke4 Ke7 64. Kf5 Kf7 65. g5 fxg5 66. Kxg5 Kg7 67. Kf5 Kf7 68. f4 Kg7 69. Ke6 Kf8 70. Kf6 Kg8 71. Ke7 1-0


[Site "https://www.chess.com"]

[Event "Titled Tuesday Blitz June 8 2021"]
[White "Maksimovic, Bojan"]
[Black "Visakh N R"]
[WhiteFideId "14408120"]
[BlackFideId "25012223"]
[WhiteElo "2437"]
[BlackElo "2428"]
[Result "1/2-1/2"]
[Round "05"]
[TimeControl "180+1"]
[Date "2021.06.08"]
[WhiteClock "0:00:03"]
[BlackClock "0:00:07"]

1. e4 c5 2. Nf3 d6 3. d4 cxd4 4. Nxd4 Nf6 5. Nc3 Nc6 6. Be2 e5 7. Nf3 h6 8. O-O Be7 9. Re1 O-O 10. a3 Be6 11. Bf1 Re8 12. Nd5 Bf8 13. h3 Rc8 14. c4 Nd7 15. b4 a6 16. Bb2 Ne7 17. Rc1 Ng6 18. Qd2 Nb6 19. Qe3 Nxd5 20. cxd5 Bd7 21. Rxc8 Qxc8 22. Rc1 Qb8 23. Kh2 Rc8 24. g3 Rxc1 25. Qxc1 Qc8 26. Qxc8 Bxc8 27. Bd3 Be7 28. h4 Bd8 29. Nd2 b5 30. Kg2 Ne7 31. f3 Bb6 32. Bc2 Be3 33. Nf1 Bb6 34. a4 Bd7 35. a5 Ba7 36. Bc1 f5 37. Ne3 fxe4 38. fxe4 Kf7 39. Kf3 Ng8 40. Nf5 Bxf5 41. exf5 Nf6 42. Be4 h5 43. Bg5 Bd4 44. Bd2 Bb2 45. Be1 Bd4 46. Bd2 Bf2 47. Bc2 Ba7 48. Be4 Kg8 49. Be1 Bd4 50. Bd2 Kf8 51. Be1 Kf7 52. Bd2 1/2-1/2


[Site "https://www.chess.com"]

[Event "Titled Tuesday Blitz June 8 2021"]
[White "Maximov, Dmitry"]
[Black "Zhigalko, Sergei"]
[WhiteFideId "14105659"]
[BlackFideId "13502956"]
[WhiteElo "2494"]
[BlackElo "2662"]
[Result "1/2-1/2"]
[Round "05"]
[TimeControl "180+1"]
[Date "2021.06.08"]
[WhiteClock "0:00:12"]
[BlackClock "0:00:05"]

1. e4 c5 2. Nf3 Nc6 3. Bb5 Nf6 4. Bxc6 dxc6 5. d3 Bg4 6. h3 Bh5 7. Nbd2 Nd7 8. b3 e5 9. Bb2 f6 10. Nf1 Bf7 11. h4 Be7 12. h5 Nf8 13. Ne3 Ne6 14. Nf5 Qc7 15. h6 g6 16. Ng7+ Kd7 17. Nxe6 Bxe6 18. Qd2 Rad8 19. O-O-O Kc8 20. Kb1 Rhe8 21. Qe3 Bf8 22. Nd2 b6 23. Rdf1 Be7 24. g3 Kb7 25. Rh2 Rf8 26. f3 Bd6 27. a4 Qe7 28. Re2 Bc7 29. f4 Bg4 30. Ree1 exf4 31. gxf4 Rde8 32. Nc4 Be6 33. Nd2 Qd7 34. Bc3 Re7 35. Kb2 Ree8 36. Ra1 a5 37. Nc4 Rd8 38. Rae1 Qf7 39. f5 Bxc4 40. fxg6 Qxg6 41. bxc4 Rde8 42. Qf3 Qxh6 43. Rh1 Qg7 44. Qf5 Rf7 45. Reg1 Qh8 46. Rh6 Qf8 47. Rxh7 Be5 48. Qg6 Bxc3+ 49. Kxc3 Ree7 50. Rh5 Qd8 51. Kb3 Qd7 52. Rh8 Rg7 53. Qh6 Rxg1 54. Qf8 Re8 55. Qxe8 Rb1+ 56. Ka2 Qxe8 57. Rxe8 Rf1 58. Re7+ Kb8 59. Kb2 Kc8 60. Rf7 Kb8 61. Kc3 Kc8 62. Rh7 Rf2 63. Rf7 Kb8 64. e5 f5 65. e6 Re2 66. e7 Kc8 67. Rxf5 Rxe7 68. Rf6 Kd7 69. Kb3 Rh7 70. Rg6 Kc7 71. Kc3 Rf7 72. Kb3 Kb7 73. Kc3 Re7 74. Kb3 Rd7 75. Kc3 Rc7 76. Kb3 Rf7 77. Kc3 Rf1 78. Kb3 Rb1+ 79. Ka2 Rc1 80. Kb2 Rf1 81. Rg7+ Kb8 82. Rh7 Rf2 83. Rg7 Re2 84. Rh7 Re1 85. Rg7 Rf1 1/2-1/2


[Site "https://www.chess.com"]

[Event "Titled Tuesday Blitz June 8 2021"]
[White "Morefield, Jason"]
[Black "Donchenko, Alexander"]
[WhiteFideId "30920825"]
[BlackFideId "24603295"]
[WhiteElo "2171"]
[BlackElo "2553"]
[Result "0-1"]
[Round "05"]
[TimeControl "180+1"]
[Date "2021.06.08"]
[WhiteClock "0:00:05"]
[BlackClock "0:00:09"]

1. d4 Nf6 2. c4 g6 3. Nc3 Bg7 4. e4 d6 5. Nf3 O-O 6. Be2 Na6 7. Be3 e5 8. O-O Ng4 9. Bg5 f6 10. Bc1 Be6 11. h3 Nh6 12. c5 Nf7 13. d5 Bc8 14. Bxa6 bxa6 15. c6 f5 16. exf5 gxf5 17. Nd2 Kh8 18. Nc4 Rg8 19. Kh1 Qh4 20. f4 e4 21. Be3 a5 22. Nxa5 Ba6 23. Rf2 Nh6 24. Kg1 Raf8 25. Bd4 Bf6 26. Bxf6+ Rxf6 27. Qd4 Rg6 28. Re1 Kg8 29. Re3 Bd3 30. Qxa7 Rg3 31. Rxg3+ Qxg3 32. Qb8+ Rf8 33. Qxc7 e3 34. Rf3 Qe1+ 35. Kh2 e2 36. Nxe2 Bxe2 37. Qe7 Rf7 38. Qe8+ Kg7 39. Re3 Qxa5 40. Rxe2 Qxd5 41. Rc2 Rc7 42. b4 Qd4 43. g3 Qxb4 44. Qe5+ dxe5 0-1


[Site "https://www.chess.com"]

[Event "Titled Tuesday Blitz June 8 2021"]
[White "Mortazavi, Ali"]
[Black "Shahaliyev, Ismayil"]
[WhiteFideId "401323"]
[BlackFideId "13406388"]
[WhiteElo "2339"]
[BlackElo "2105"]
[Result "0-1"]
[Round "05"]
[TimeControl "180+1"]
[Date "2021.06.08"]
[WhiteClock "0:00:52"]
[BlackClock "0:01:32"]

1. Nf3 b6 2. g3 Bb7 3. Bg2 Nf6 4. O-O g6 5. d3 Bg7 6. e4 O-O 7. a4 a6 8. Nc3 d6 9. Re1 c5 10. e5 dxe5 11. Nxe5 Bxg2 12. Kxg2 Nfd7 13. Nc4 Nc6 14. Bg5 h6 15. Be3 e6 16. Qd2 Kh7 17. h4 Nf6 18. a5 b5 19. Nb6 Nd4 20. Bxd4 cxd4 21. Ne4 Nxe4 22. dxe4 Ra7 23. e5 f6 24. exf6 Qxf6 25. Ra3 Raf7 26. Re2 e5 27. Qd3 Qc6+ 28. Kg1 Rf3 29. Qe4 Qxe4 30. Rxe4 Rxf2 31. Nd7 Rf1+ 32. Kg2 R8f2+ 33. Kh3 Rh1+ 34. Kg4 h5+ 35. Kg5 Rf5# 0-1


[Site "https://www.chess.com"]

[Event "Titled Tuesday Blitz June 8 2021"]
[White "Murzin, Volodar"]
[Black "Nguyen, Quoc Hy"]
[WhiteFideId "44155573"]
[BlackFideId "12410853"]
[WhiteElo "2541"]
[BlackElo "1975"]
[Result "1-0"]
[Round "05"]
[TimeControl "180+1"]
[Date "2021.06.08"]
[WhiteClock "0:00:04"]
[BlackClock "0:00:18"]

1. e4 c5 2. Nf3 d6 3. d4 cxd4 4. Qxd4 a6 5. Be2 Nc6 6. Qe3 g6 7. O-O Bg7 8. Rd1 Nf6 9. Nc3 O-O 10. Nd5 Nxd5 11. exd5 Ne5 12. Nxe5 Bxe5 13. Qb3 Bf5 14. Be3 b5 15. c3 Rb8 16. Rd2 Qc7 17. a4 Bd7 18. axb5 Bxb5 19. Bxb5 Rxb5 20. Qa2 Rfb8 21. g3 Qb7 22. Qxa6 Qxa6 23. Rxa6 Rxb2 24. Rxb2 Rxb2 25. Bh6 Rb8 26. c4 Bg7 27. Bg5 Kf8 28. Ra7 Re8 29. Kg2 h6 30. Be3 Rc8 31. Kf3 g5 32. Ke2 Bf6 33. Kd3 Kg7 34. Rb7 Kg6 35. Bd4 Bxd4 36. Kxd4 Kf6 37. Rb6 Kf5 38. f3 Ra8 39. Rb7 Kf6 40. Rb2 Ra3 41. Rf2 Kf5 42. f4 g4 43. Re2 Kf6 44. Ke4 Rc3 45. Kd4 Rc1 46. Kd3 h5 47. Rc2 Rg1 48. Ke3 Rf1 49. Ke2 Rf3 50. c5 dxc5 51. Rxc5 h4 52. Rc6+ Kf5 53. gxh4 Rh3 54. Rc7 Rxh2+ 55. Ke3 Rh3+ 56. Kf2 Kxf4 57. Rxe7 f5 58. d6 Rh2+ 59. Ke1 Rh1+ 60. Ke2 Rh2+ 61. Kd3 Rh1 62. Kd2 Rh2+ 63. Re2 g3 64. d7 Rxe2+ 65. Kxe2 g2 66. Kf2 1-0


[Site "https://www.chess.com"]

[Event "Titled Tuesday Blitz June 8 2021"]
[White "Nagy, Gabor"]
[Black "Bortnyk, Olexandr"]
[WhiteFideId "737119"]
[BlackFideId "14120828"]
[WhiteElo "2562"]
[BlackElo "2723"]
[Result "1/2-1/2"]
[Round "05"]
[TimeControl "180+1"]
[Date "2021.06.08"]
[WhiteClock "0:00:15"]
[BlackClock "0:00:06"]

1. d4 Nf6 2. Nf3 d6 3. Nc3 Bf5 4. Nh4 Bd7 5. e4 c5 6. dxc5 dxc5 7. e5 Ng4 8. Nf3 Nc6 9. Bf4 g5 10. Bxg5 Ngxe5 11. Nxe5 Nxe5 12. Qe2 Bg7 13. O-O-O Qa5 14. Kb1 O-O 15. Nd5 Bg4 16. f3 Be6 17. Bd2 Qa4 18. b3 Qd7 19. Bc3 Bxd5 20. Bxe5 Qe6 21. Bxg7 Kxg7 22. Qf2 b6 23. Bd3 Rad8 24. Rhe1 Qf6 25. Qe3 Be6 26. g4 h6 27. h4 Qd4 28. Qc1 Qc3 29. g5 c4 30. gxh6+ Kh8 31. Be4 cxb3 32. cxb3 Qxc1+ 33. Kxc1 Rc8+ 34. Kb2 Rc5 35. f4 Rh5 36. f5 Bxf5 37. Bxf5 Rxf5 38. Rxe7 a5 39. Rd6 b5 40. Re2 b4 41. Red2 Kh7 42. R6d5 Rf4 43. h5 Ra8 44. Rd6 f6 45. Rg2 Kxh6 46. Rg6+ Kxh5 47. Rgxf6 Rxf6 48. Rxf6 Kg5 49. Rf2 Rd8 50. Rc2 Rd5 51. a3 Kf5 52. axb4 axb4 53. Re2 Rd4 54. Kc2 Re4 55. Rh2 Ke5 56. Kd3 Rd4+ 57. Ke3 Rg4 58. Rh5+ Kd6 59. Kd3 Kc6 60. Rf5 Kb6 61. Re5 Kc6 62. Rf5 Kb6 63. Re5 Kc6 64. Rf5 1/2-1/2


[Site "https://www.chess.com"]

[Event "Titled Tuesday Blitz June 8 2021"]
[White "Narayanan.S.L"]
[Black "Bacrot, Etienne"]
[WhiteFideId "5058422"]
[BlackFideId "605506"]
[WhiteElo "2617"]
[BlackElo "2673"]
[Result "1-0"]
[Round "05"]
[TimeControl "180+1"]
[Date "2021.06.08"]
[WhiteClock "0:00:25"]
[BlackClock "0:00:09"]

1. e4 c5 2. Nf3 d6 3. Bb5+ Nd7 4. O-O Nf6 5. d4 cxd4 6. Qxd4 a6 7. Bxd7+ Bxd7 8. c4 g6 9. Nc3 Bg7 10. Qd3 Rc8 11. Bg5 O-O 12. Rfe1 h6 13. Bd2 Bg4 14. Nd4 Nd7 15. b3 Nc5 16. Qe3 e5 17. Nc2 f5 18. f3 Bh5 19. Nb4 g5 20. Nbd5 g4 21. fxg4 Bxg4 22. exf5 Bxf5 23. Rf1 Ne6 24. Rf2 Nd4 25. Raf1 Qd7 26. Ne2 Nxe2+ 27. Qxe2 Rce8 28. Qh5 Bd3 29. Rxf8+ Rxf8 30. Rxf8+ Kxf8 31. Bxh6 Qf5 32. Bxg7+ Kxg7 33. Qxf5 Bxf5 34. Kf2 Bb1 35. Nc3 Bc2 36. g4 Kf6 37. h4 1-0


[Site "https://www.chess.com"]

[Event "Titled Tuesday Blitz June 8 2021"]
[White "Nemeth Junior, Henrique"]
[Black "Can, Emre"]
[WhiteFideId "2118815"]
[BlackFideId "6302181"]
[WhiteElo "1976"]
[BlackElo "2503"]
[Result "0-1"]
[Round "05"]
[TimeControl "180+1"]
[Date "2021.06.08"]
[WhiteClock "0:01:18"]
[BlackClock "0:00:56"]

1. e4 c5 2. Nf3 d6 3. d4 cxd4 4. Nxd4 Nf6 5. Nc3 g6 6. Be3 Bg7 7. Be2 O-O 8. f3 Nc6 9. Qd2 Nxd4 10. Qxd4 Be6 11. Qd2 Qa5 12. O-O Rfc8 13. Bd4 Nd7 14. Bxg7 Kxg7 15. Qd4+ Kg8 16. Rfd1 Qc5 17. Rac1 a6 18. a3 Nb6 19. Kh1 Qxd4 20. Rxd4 Rc5 21. Na4 Nxa4 22. Rxa4 Rac8 23. c3 f5 24. Re1 Kf7 25. Bd3 Kf6 26. exf5 Bxf5 27. Bxf5 gxf5 28. Rh4 Re5 29. Rxe5 dxe5 30. Rxh7 Rd8 31. h4 Rd1+ 32. Kh2 e4 33. Kg3 e3 34. Rh6+ Kf7 35. Rh7+ Ke8 0-1


[Site "https://www.chess.com"]